 Dungeon Crawl Stone Soup version 0.21-a0-400-g417d9d2 (webtiles) character file.

11274 tof the Cleaver (level 11, -2/84 HPs)
             Began as a Minotaur Monk on Oct 20, 2017.
             Was a High Priest of Hepliaklqana.
             Killed from afar by an electric eel (7 damage)
             ... with a bolt of electricity
             ... on level 1 of the Lair of Beasts.
             The game lasted 00:19:29 (12665 turns).

tof the Cleaver (Minotaur Monk)                    Turns: 12665, Time: 00:19:30

Health: -2/84      AC: 12    Str: 20    XL:     11   Next: 47%
Magic:  8/8        EV: 13    Int:  9    God:    Hepliaklqana [*****.]
Gold:   371        SH:  0    Dex: 14    Spells: 10/10 levels left

rFire    + . .     SeeInvis .   g - +1 battleaxe (venom)
rCold    . . .     Gourm    .   (shield currently unavailable)
rNeg     . . .     Faith    .   K - +1 leather armour of Binuixal {Dex+4}
rPois    .         Spirit   .   J - +1 hat
rElec    .         Reflect  .   E - +0 cloak
rCorr    .         Harm     .   (no gloves)
MR       .....                  (no boots)
Stlth    +.........             (no amulet)
HPRegen  0.24/turn              m - ring of protection from fire
MPRegen  0.11/turn              G - +4 ring of protection

@: no status effects
A: retaliatory headbutt, reduced essence, hooves 1, horns 2, clever 1, clumsy 1,
frail 1, low mp 1, mutation resistance 1
a: Recall Ancestor, Ancestor Identity, Transference, Idealise, Renounce Religion


You were on level 1 of the Lair of Beasts.
You worshipped Hepliaklqana.
Hepliaklqana was extremely pleased with you.
You were not hungry.

You visited 2 branches of the dungeon, and saw 12 of its levels.

You collected 656 gold pieces.
You spent 285 gold pieces at shops.

Inventory:

Hand Weapons
 g - a +1 battleaxe of venom (weapon)
Missiles
 r - 19 poisoned needles
 A - 8 needles of confusion
 I - 2 steel tomahawks (quivered)
Armour
 E - a +0 cloak (worn)
 J - a +1 hat (worn)
 K - the +1 leather armour of Binuixal (worn) {Dex+4}
   (You took it off a wight on level 7 of the Dungeon)

   It affects your dexterity (+4).
 M - a cursed +0 chain mail
Jewellery
 m - a ring of protection from fire (left hand)
 z - an uncursed ring of wizardry
 F - an uncursed ring of magical power
 G - a +4 ring of protection (right hand)
Wands
 d - a wand of acid (4/15)
 L - a wand of flame (33/48)
Scrolls
 a - 4 scrolls of recharging
 h - a scroll of fear
 i - 4 scrolls of magic mapping
 k - 5 scrolls of remove curse
 s - a scroll of noise {unknown}
 t - 2 scrolls of blinking
 y - 6 scrolls of teleportation
 D - 2 scrolls of enchant armour
 H - 3 scrolls of enchant weapon {unknown}
Potions
 b - a potion of mutation {unknown}
 e - 3 potions of magic {unknown}
 f - 2 potions of agility
 j - a potion of haste {unknown}
 l - 6 potions of lignification {unknown}
 n - a potion of cancellation {unknown}
 o - 3 potions of brilliance {unknown}
 p - 5 potions of degeneration {unknown}
 u - 3 potions of curing
 v - 2 potions of might {unknown}
 w - 3 potions of flight {unknown}
 x - 2 potions of heal wounds {unknown}
Comestibles
 c - 2 bread rations
 q - 37 fruits
 B - 6 meat rations
 C - 2 royal jellies


   Skills:
 + Level 12.4 Fighting
 + Level 13.5 Axes
 + Level 11.9 Armour
 - Level 3.2 Dodging
 - Level 1.5 Stealth


You had 10 spell levels left.
You didn't know any spells.

Dungeon Overview and Level Annotations

Branches:
Dungeon (11/15)            Temple (0/1) D:6            Lair (1/6) D:8
    Orc: D:9-12

Altars:
Gozag
Hepliaklqana
Okawaru

Shops:
D:8 *


Innate Abilities, Weirdness & Mutations

You reflexively headbutt those who attack you in melee.
You have a pair of horns on your head.
Your life essence is reduced to manifest your ancestor. (-10% HP)
You have large cloven feet.
Your mind is acute. (Int +2)
You are clumsy. (Dex -2)
You are frail. (-10% HP)
Your magical capacity is low. (-10% MP)
You are somewhat resistant to further mutation.


Message History

The yak gores you.
* * * LOW HITPOINT WARNING * * *
The blink frog blinks!
The blink frog closely misses you. You furiously retaliate!
You headbutt the blink frog!
Your surroundings suddenly seem different.
The electric eel shoots out a bolt of lightning at you!
The bolt of electricity hits you!
* * * LOW HITPOINT WARNING * * *
You enter the shallow water.
Moving in this stuff is going to be slow.
The electric eel shoots out a bolt of lightning at you!
The bolt of electricity hits you!
* * * LOW HITPOINT WARNING * * *
The electric eel shoots out a bolt of lightning at you!
The bolt of electricity hits you!
* * * LOW HITPOINT WARNING * * *
The electric eel shoots out a bolt of lightning at you!
The bolt of electricity hits you!
You die...

##### ####≈≈≈######
###..≈≈≈≈....?#
##....≈≈≈....?$!
###......≈≈≈..$$%)
#####..@......≈≈≈≈$$≈≈
######.............≈≈≈≈≈≈≈≈
#...D..#####........≈≈≈≈≈≈≈
##.###### ##.......≈≈≈≈≈≈≈
#..# ####...;≈≈≈≈≈≈≈ #.##
######≈≈≈≈≈≈ #.#### ≈≈≈≈≈≈
..##.FD.# ##≈≈≈# ..#####.#
####


You could see an electric eel.

Vanquished Creatures
  Gastronok (D:10)
  Snorg (D:10)
  A two-headed ogre (D:9)
  2 spiny frogs (Lair:1)
  2 komodo dragons (Lair:1)
  A hornet (D:10)
  2 blink frogs (Lair:1)
  3 hippogriffs
  2 steam dragons
  Duvessa (D:6)
  A sky beast (D:6)
  2 ice beasts
  An orc warrior (D:9)
  A necrophage (D:9)
  7 ogres
  3 centaurs
  A crocodile (Lair:1)
  Blork the orc (D:5)
  3 big kobolds
  5 bullfrogs
  Dowan (D:6)
  2 scorpions
  6 wights
  8 howler monkeys
  10 crimson imps
  A quasit (D:8)
  A bullfrog zombie (D:5)
  A jelly (D:8)
  2 hounds
  A gnoll shaman (D:7)
  5 orc priests
  6 orc wizards
  6 iguanas
  5 worker ants
  A hound zombie (D:7)
  Robin (D:3)
  7 gnolls (D:7)
  11 adders
  2 shadow imps
  4 oozes
  An adder zombie (D:5)
  3 adder skeletons
  A worm (D:2)
  2 dart slugs
  3 leopard geckos
  25 orcs
  10 giant cockroaches
  12 goblins
  14 hobgoblins
  14 jackals
  3 quokkas
  A ball python (D:1)
  5 bats
  7 frilled lizards
  12 kobolds
  A quokka zombie (D:8)
  8 rats
  A fungus (Lair:1)
245 creatures vanquished.

Vanquished Creatures (collateral kills)
  A troll (D:11)
  2 hippogriffs
  A vampire (D:9)
  A basilisk (Lair:1)
  A hungry ghost (D:9)
  A water moccasin (D:6)
  A sky beast (D:6)
  An orc warrior (D:6)
  A wight (D:9)
  2 howler monkeys
  A crimson imp (D:6)
  3 orc wizards
  A hound skeleton (D:7)
  2 orcs
  A kobold (D:8)
20 creatures vanquished.

Vanquished Creatures (others)
  An electric eel (Lair:1)
  5 hexers
6 creatures vanquished.

Grand Total: 271 creatures vanquished

Notes
Turn   | Place    | Note
-------+----------+-------------------------------------------
     0 | D:1      | tof the Minotaur Monk began the quest for the Orb.
     0 | D:1      | Reached XP level 1. HP: 19/19 MP: 0/0
    57 | D:1      | Reached skill level 4 in Axes
    57 | D:1      | Reached XP level 2. HP: 27/27 MP: 1/1
    63 | D:1      | Reached skill level 1 in Armour
   433 | D:1      | Reached XP level 3. HP: 30/33 MP: 2/2
  1216 | D:2      | Reached XP level 4. HP: 40/41 MP: 3/3
  1427 | D:3      | Reached skill level 5 in Axes
  1486 | D:3      | Noticed Robin
  1499 | D:3      | Killed Robin
  2345 | D:3      | Reached XP level 5. HP: 44/47 MP: 4/4
  3013 | D:4      | Found an opulent altar of Gozag.
  3636 | D:5      | Entered Level 5 of the Dungeon
  3668 | D:5      | Reached skill level 5 in Fighting
  3668 | D:5      | Reached skill level 6 in Axes
  3681 | D:5      | Reached XP level 6. HP: 35/56 MP: 5/5
  3951 | D:5      | Reached skill level 7 in Axes
  4004 | D:5      | Reached XP level 7. HP: 43/62 MP: 6/6
  4169 | D:5      | Noticed Blork the orc
  4178 | D:5      | Killed Blork the orc
  4819 | D:5      | Found a hazy altar of Hepliaklqana.
  4829 | D:5      | Became a worshipper of Hepliaklqana the Forgotten
  4829 | D:5      | Reached * piety under Hepliaklqana
  4829 | D:5      | Reached ** piety under Hepliaklqana
  4830 | D:5      | Remembered your ancestor Sosibius as a hexer
  5108 | D:6      | Reached skill level 8 in Axes
  5259 | D:6      | Found a staircase to the Ecumenical Temple.
  5267 | D:6      | Reached skill level 5 in Armour
  5374 | D:6      | Reached XP level 8. HP: 9/63 MP: 7/7
  5404 | D:6      | Reached skill level 9 in Axes
  5825 | D:6      | Gained mutation: Your mind is acute. (Int +2) [mutagenic meat]
  5826 | D:6      | Gained mutation: Your spells are a little harder to cast, but a little more powerful. [mutagenic meat]
  5827 | D:6      | Gained mutation: You are clumsy. (Dex -2) [mutagenic meat]
  5828 | D:6      | Gained mutation: You are frail. (-10% HP) [mutagenic meat]
  5876 | D:6      | Noticed Dowan
  5878 | D:6      | Noticed Duvessa
  5886 | D:6      | Killed Dowan
  5890 | D:6      | Killed Duvessa
  6438 | D:6      | Gained mutation: You have large cloven feet. [mutagenic meat]
  6439 | D:6      | Lost mutation: Your spells are a little harder to cast, but a little more powerful. [mutagenic meat]
  6440 | D:6      | Gained mutation: You are somewhat resistant to further mutation. [mutagenic meat]
  6441 | D:6      | Gained mutation: Your magical capacity is low. (-10% MP) [mutagenic meat]
  6469 | D:6      | Reached skill level 10 in Axes
  6637 | D:7      | Reached XP level 9. HP: 60/64 MP: 7/7
  7492 | D:7      | Reached *** piety under Hepliaklqana
  7510 | D:7      | Got an ichor-stained leather armour
  8309 | D:7      | Identified the +1 leather armour of Binuixal {Dex+4} (You took it off a wight on level 7 of the Dungeon)
  8437 | D:8      | Reached skill level 11 in Axes
  8548 | D:8      | Found Naguungo's General Store.
  8556 | D:8      | Bought a scroll of identify for 24 gold pieces
  8556 | D:8      | Bought a +1 battleaxe of venom for 177 gold pieces
  8556 | D:8      | Bought a potion of curing for 36 gold pieces
  8556 | D:8      | Bought a scroll of identify for 24 gold pieces
  8556 | D:8      | Bought a scroll of identify for 24 gold pieces
  8663 | D:8      | Reached **** piety under Hepliaklqana
  8692 | D:8      | Found a staircase to the Lair.
  9457 | D:9      | Reached skill level 10 in Fighting
  9481 | D:9      | Reached XP level 10. HP: 12/74 MP: 8/8
  9496 | D:10     | Entered Level 10 of the Dungeon
 10079 | D:9      | Noticed a two-headed ogre
 10100 | D:9      | Killed a two-headed ogre
 10462 | D:9      | Reached skill level 10 in Armour
 10493 | D:9      | Reached skill level 12 in Axes
 10683 | D:10     | Noticed Snorg
 10692 | D:10     | Killed Snorg
 10720 | D:10     | Noticed Gastronok
 10730 | D:10     | Killed Gastronok
 10730 | D:10     | Reached skill level 13 in Axes
 10730 | D:10     | Reached XP level 11. HP: 39/83 MP: 8/8
 10956 | D:10     | Reached ***** piety under Hepliaklqana
 11051 | D:10     | Found an iron altar of Okawaru.
 11212 | D:11     | Noticed a two-headed ogre
 11376 | Lair:1   | Entered Level 1 of the Lair of Beasts
 11984 | Lair:1   | Noticed a fire dragon
 12662 | Lair:1   | HP: 4/84 [electric eel/bolt of electricity (8)]
 12665 | Lair:1   | Killed from afar by an electric eel

Vault maps used:
D:1:      dpeg_arrival_short_road
D:2:      first_bread
D:3:      uniq_robin
D:4:      nicolae_gozag_seed_capital
D:5:      lemuel_coloured_pillars_altar, uniq_blork_the_orc
D:6:      temple_green, uniq_duvessa
D:8:      lair_entry_dummy, serial_shops, nicolae_shop_waterfront
D:10:     blue_anna_alchemist, okawaru_ov_weapons_minmay, uniq_gastronok,
          uniq_snorg
D:11:     hiddenorc1_lemuel, hangedman_abyss_or_decor_lesser_grid
Lair:1:   dragon1_lemuel

Skill      XL: |  1  2  3  4  5  6  7  8  9 10 11 |
---------------+----------------------------------+-----
Axes           | 4 5 6 7 8 10 11 13 | 13.5
Armour         | 1 2 3 4 5 7 9 11 | 11.9
Fighting       | 4 5 6 8 10 11 12 | 12.4
Dodging        | |  3.2
Stealth        | |  1.5

Action                   |  1- 3 |  4- 6 |  7- 9 | 10-12 || total
-------------------------+-------+-------+-------+-------++-------
Melee: Hand axe          |    75 |   169 |    64 |       ||   308
       Headbutt          |    10 |    34 |    58 |    31 ||   133
       Battleaxe         |       |       |   164 |   129 ||   293
       Kick              |       |       |    40 |    49 ||    89
Invok: Ancestor Life: He |       |       |     1 |       ||     1
       Ancestor Identity |       |       |     1 |       ||     1
  Use: Scroll            |       |       |     9 |     2 ||    11
 Stab: Sleeping          |     6 |     2 |     1 |       ||     9
       Confused          |       |       |     7 |     1 ||     8
       Distracted        |       |       |     2 |     4 ||     6
  Eat: Chunk             |       |     4 |    19 |     6 ||    29
       Bread ration      |       |     2 |     1 |     2 ||     5
Armor: Robe              |     1 |       |       |       ||     1
       Leather armour    |     8 |    28 |    46 |    75 ||   157
Dodge: Dodged            |    42 |   117 |   153 |   106 ||   418

Table legend:
 A = Spawn XP
 B = Non-spawn XP
 C = Spawn XP percentage of total XP
 D = Spawn monster count
 E = Non-spawn monster count
 F = Spawn count percentage of total count
 G = Total turns spent on level
                    A         B        C        D         E        F      G
               +---------+---------+-------+---------+---------+-------+---------
         Total |       0 |   16107 |   0.0 |       0 |     265 |   0.0 | 12665
               +---------+---------+-------+---------+---------+-------+---------
           D:1 |       0 |      54 |   0.0 |       0 |      28 |   0.0 |   719
           D:2 |       0 |      45 |   0.0 |       0 |      20 |   0.0 |   646
           D:3 |       0 |     107 |   0.0 |       0 |      36 |   0.0 |  1462
           D:4 |       0 |      55 |   0.0 |       0 |       5 |   0.0 |   809
           D:5 |       0 |     750 |   0.0 |       0 |      24 |   0.0 |  1466
           D:6 |       0 |    1677 |   0.0 |       0 |      32 |   0.0 |  1527
           D:7 |       0 |    1601 |   0.0 |       0 |      35 |   0.0 |  1721
           D:8 |       0 |     421 |   0.0 |       0 |      18 |   0.0 |   897
           D:9 |       0 |    3352 |   0.0 |       0 |      38 |   0.0 |  1204
          D:10 |       0 |    4496 |   0.0 |       0 |      12 |   0.0 |   880
          D:11 |       0 |     507 |   0.0 |       0 |       4 |   0.0 |    45
        Lair:1 |       0 |    3042 |   0.0 |       0 |      13 |   0.0 |  1289
               +---------+---------+-------+---------+---------+-------+---------
